 Dungeon Crawl Stone Soup version 0.30-a0-726-gd89dcf765f (webtiles) character file.

Game seed: 10357968011158496943

14513 Bnni the Cleaver (level 12, -85/101 HPs)
             Began as a Formicid Fighter on Jan 28, 2023.
             Was an Elder of Okawaru.
             Annihilated by a titanic slime creature (92 damage)
             ... on level 12 of the Dungeon on Jan 29, 2023.
             The game lasted 00:22:43 (12303 turns).

Bnni the Cleaver (Formicid Fighter)                Turns: 12303, Time: 00:22:44

Health: -85/101    AC: 18    Str: 26    XL:     12   Next: 46%
Magic:  0/19       EV: 12    Int:  8    God:    Okawaru [****..]
Gold:   918        SH:  6    Dex: 13    Spells: 11/11 levels left

rFire   . . .      SeeInvis +    g - +3 battleaxe
rCold   + . .      Faith    .    c - +0 buckler
rNeg    + . .      Spirit   +    J - +0 swamp dragon scales
rPois   +          Reflect  .    (helmet unavailable)
rElec   .          Harm     .    f - +1 cloak
rCorr   .          Rampage  .    m - +0 pair of gloves
Will    +....                    n - +0 pair of boots
Stlth   ++                       s - amulet of guardian spirit
HPRegen 0.36/turn                x - +4 ring of protection
MPRegen 0.16/turn                L - ring "Ulua" {Fly rC+ rN+}

@: heroic, flying
A: permanent stasis, dig shafts and tunnels, antennae 3, four strong arms
a: Dig, Shaft Self, Renounce Religion, Heroism, Finesse


You were on level 12 of the Dungeon.
You worshipped Okawaru.
Okawaru was greatly pleased with you.
You visited 2 branches of the dungeon, and saw 13 of its levels.
You also visited: Bailey.

You collected 918 gold pieces.

Inventory:

Hand Weapons
 g - a +3 battleaxe (weapon)
Missiles
 H - 2 silver javelins
 M - 26 javelins
Armour
 b - a +0 plate armour
 c - a +0 buckler (worn)
 f - a +1 cloak (worn)
 m - a +0 pair of gloves (worn)
 n - a +0 pair of boots (worn)
 J - +0 swamp dragon scales (worn)
Jewellery
 s - an amulet of guardian spirit (around neck)
 u - a ring of ice
 x - a +4 ring of protection (left hand)
 L - the ring "Ulua" (right hand) {Fly rC+ rN+}
   (You found it on level 9 of the Dungeon)

   [ring of flight]

   rC:        It protects you from cold.
   rN:        It protects you from negative energy.
   Fly:       It grants you flight.
Wands
 q - a wand of paralysis (4)
 v - a wand of quicksilver (12)
 G - a wand of polymorph (7)
 O - a wand of roots (4)
Scrolls
 a - 2 scrolls of immolation {unknown}
 h - a scroll of magic mapping
 l - 2 scrolls of fog {unknown}
 o - a scroll of poison {unknown}
 p - a scroll of vulnerability
 y - 2 scrolls of teleportation {unknown}
 z - a scroll of noise {unknown}
 A - 5 scrolls of enchant armour
 B - 2 scrolls of butterflies {unknown}
 D - a scroll of enchant weapon {unknown}
 I - a scroll of blinking {unknown}
 K - 2 scrolls of silence {unknown}
 N - a scroll of amnesia {unknown}
Potions
 d - 5 potions of curing
 e - 2 potions of magic
 i - 10 potions of degeneration
 j - 2 potions of attraction
 k - 2 potions of lignification {unknown}
 r - 4 potions of brilliance {unknown}
 w - 4 potions of flight {unknown}
 C - a potion of berserk rage {unknown}
 E - a potion of resistance
 F - 2 potions of ambrosia {unknown}


   Skills:
 + Level 11.7(16.7) Fighting
 * Level 14.4(19.4) Axes
 - Level 3.2(8.2) Armour
 - Level 4.0(9.0) Shields
 + Level 9.7 Invocations


You had 11 spell levels left.
You didn't know any spells.
Your spell library contained the following spells:

 Spells                   Type           Power      Damage    Failure   Level
 Shock                    Conj/Air       0%         1d3       58%         1
 Cigotuvi's Dreadful Rot  Necr/Pois/Air  0%         N/A       73%         2
 Dazzling Flash           Conj/Hex       0%         N/A       91%         3
 Inner Flame              Hex/Fire       0%         N/A       91%         3
 Kindle Blastsparks       Fire/Tloc/Air  0%         2d10      91%         3
 Cause Fear               Hex            0%         N/A       100%        4
 Passage of Golubria      Tloc           0%         N/A       100%        4
 Agony                    Necr           0%         N/A       100%        5
 Lightning Bolt           Conj/Air       0%         1d11      100%        5
 Silence                  Hex/Air        0%         N/A       100%        5
 Yara's Violent Unravell  Hex/Tmut       0%         3d3       100%        5
 Discord                  Hex            0%         N/A       100%        8
 Lehudib's Crystal Spear  Conj/Erth      0%         10d2      100%        8
 Tukima's Dance           Hex            Unusable   N/A       N/A         3

Dungeon Overview and Level Annotations

Branches:
Dungeon (12/15)            Temple (1/1) D:6            Lair (0/5) D:8
 Bailey (visited)
    Orc: D:9-12

Altars:
Ashenzari
Cheibriados
Dithmenos
Elyvilon
Hepliaklqana
Makhleb
Nemelex Xobeh
Okawaru
Ru
Trog
Vehumet
Wu Jian
Xom
Yredelemnul
Zin
The Shining One

Shops:
D:9 !   D:11 *

Portals:
Trove: D:10 (give +3 storm dragon scales)

Annotations:
D:9 exclusion: orange crystal statue


Innate Abilities, Weirdness & Mutations

You cannot be hasted, slowed, berserked, paralysed or teleported.
You can dig through walls and to a lower floor.
You have a pair of large antennae on your head. (SInv)
Your four strong arms can wield two-handed weapons with a shield.


Message History

The large slime creature is moderately wounded.
The slime creature quivers.
You slash the large slime creature!
The large slime creature is heavily wounded.
The large slime creature hits you!!
You slice the large slime creature!!
The large slime creature is heavily wounded.
The large slime creature barely misses you.
Two slime creatures merge to form a large slime creature.
You slice the large slime creature!!
The large slime creature is severely wounded.
The large slime creature barely misses you.
You slice the large slime creature!!
The large slime creature is almost dead.
The large slime creature hits you.
Two slime creatures merge to form an enormous slime creature.
You slash the enormous slime creature!
The enormous slime creature is heavily wounded.
You slash the enormous slime creature!
The enormous slime creature is heavily wounded.
Two slime creatures merge to form a titanic slime creature.
You gain the combat prowess of a mighty hero.
You cut the titanic slime creature into ribbons!!!
The titanic slime creature is heavily wounded.
The titanic slime creature hits you!!!!
Ouch! That really hurt!
* * * LOW HITPOINT WARNING * * *
Okay, then.
Aiming: Paralyse
Press: ? - help, Shift-Dir - straight line, f - titanic slime creature
Aim: a titanic slime creature (heavily wounded, chance to affect: 31%)
The titanic slime creature easily resists.
The titanic slime creature barely misses you.
Aiming: Paralyse
Press: ? - help, Shift-Dir - straight line, f/p - titanic slime creature
Aim: a titanic slime creature (heavily wounded, chance to affect: 31%)
The titanic slime creature easily resists.
The titanic slime creature hits you!!!!
Ouch! That really hurt!
You die...

#.##.# #.##.#
#.##.# #.##.#
#.##.#
######.##.########
.................#
#####.#####.####.#
......# #.# #@#
####### #[# #J# #
#.# #.# # #.# ##.#
# #.# #..# # #.#
#.#########. #####
.#.##...........
รท...#
#....#########
....# .#.##.##


You could see a titanic slime creature.

Vanquished Creatures
  A boulder beetle (D:7)
  2 two-headed ogres (D:10)
  Pikel (D:7)
  A manticore (D:11)
  The ghost of vilexx the Geomancer, a novice GrEE of Gozag (D:6)
  Maggie (D:8)
  2 gargoyles
  An unseen horror (D:10)
  4 trolls
  A hornet (D:7)
  2 shadows (D:11)
  15 yaks
  A water moccasin (D:5)
  An acid dragon (D:9)
  12 orc warriors
  3 black bears
  2 sky beasts (D:8)
  4 ice beasts
  2 ogres
  20 centaurs
  2 kobold brigands
  3 bullfrogs
  2 gnoll sergeants
  2 scorpions (D:6)
  3 necrophages
  12 wights
  7 killer bees
  4 electric eels (D:9)
  7 howler monkeys
  2 hounds
  3 jellies
  4 orc priests
  A gnoll bouda (D:7)
  4 iguanas
  Terence (D:3)
  8 orc wizards
  A mummy (D:4)
  Robin (D:2)
  7 adders
  15 gnolls
  4 white imps
  An ufetubus (D:6)
  2 dart slugs
  68 orcs
  2 ball pythons
  5 bats
  7 endoplasms
  4 giant cockroaches
  11 goblins
  9 hobgoblins
  8 kobolds
  8 rats
  A butterfly (D:6)
296 creatures vanquished.

Vanquished Creatures (others)
  An orc (Bailey)
  6 fungi (D:8)
  9 plants
16 creatures vanquished.

Grand Total: 312 creatures vanquished

Notes
Turn   | Place    | Note
-------+----------+-------------------------------------------
     0 | D:1      | Bnni the Formicid Fighter began the quest for the Orb.
     0 | D:1      | Reached XP level 1. HP: 18/18 MP: 1/1
   224 | D:1      | Got the Codex of the Sixfirhy and Bruises
   348 | D:1      | Reached XP level 2. HP: 24/24 MP: 2/2
  1139 | D:2      | Reached skill level 3 in Axes
  1139 | D:2      | Reached XP level 3. HP: 30/30 MP: 3/3
  1268 | D:2      | Found a faded altar of an unknown god.
  1290 | D:2      | Noticed Robin
  1326 | D:2      | Killed Robin
  1327 | D:2      | Reached XP level 4. HP: 7/29 MP: 4/4
  1682 | D:3      | Found a sparkling altar of Nemelex Xobeh.
  1829 | D:3      | Noticed Terence
  1851 | D:3      | Killed Terence
  1932 | D:3      | Reached skill level 4 in Axes
  1941 | D:3      | Reached XP level 5. HP: 38/39 MP: 5/5
  2426 | D:4      | Reached skill level 5 in Axes
  2426 | D:4      | Reached XP level 6. HP: 50/50 MP: 6/6
  2437 | D:4      | Reached skill level 5 in Fighting
  2670 | D:4      | Reached XP level 7. HP: 42/56 MP: 7/7
  2865 | D:4      | Reached skill level 6 in Axes
  2996 | D:4      | Found a snail-covered altar of Cheibriados.
  3435 | D:5      | Entered Level 5 of the Dungeon
  3554 | D:5      | Noticed a water moccasin
  3565 | D:5      | Killed a water moccasin
  3566 | D:5      | Reached skill level 7 in Axes
  3566 | D:5      | Reached XP level 8. HP: 33/64 MP: 6/8
  3956 | D:5      | Noticed a troll
  3971 | D:5      | Killed a troll
  3972 | D:5      | Reached skill level 8 in Axes
  4398 | D:6      | Noticed vilexx's ghost (novice GrEE)
  4402 | D:6      | Found a transporter.
  4405 | D:6      | Found a transporter.
  4463 | D:6      | Reached XP level 9. HP: 20/71 MP: 2/9
  4469 | D:6      | Reached skill level 9 in Axes
  4663 | D:6      | Found a staircase to the Ecumenical Temple.
  4671 | Temple   | Entered the Ecumenical Temple
  4679 | Temple   | Became a worshipper of Warmaster Okawaru
  5062 | D:6      | Killed vilexx's ghost
  5062 | D:6      | Reached * piety under Okawaru
  5181 | D:7      | Reached skill level 10 in Axes
  5214 | D:7      | Reached ** piety under Okawaru
  5216 | D:7      | Reached XP level 10. HP: 38/82 MP: 7/12
  5217 | D:7      | Noticed a gargoyle
  5354 | D:7      | Killed a gargoyle
  5503 | D:7      | Noticed Pikel
  5523 | D:7      | Killed Pikel
  5524 | D:7      | Reached skill level 11 in Axes
  5524 | D:7      | Reached skill level 5 in Invocations
  5954 | D:7      | Noticed a boulder beetle
  5977 | D:7      | Killed a boulder beetle
  6168 | D:7      | Reached *** piety under Okawaru
  6593 | D:8      | Reached skill level 12 in Axes
  6597 | D:8      | Reached XP level 11. HP: 41/90 MP: 5/15
  6671 | D:8      | Received a gift from Okawaru
  6857 | D:8      | Noticed Maggie
  6858 | D:8      | Found a glowing golden altar of the Shining One.
  6868 | D:8      | Killed Maggie
  6921 | D:8      | Found a staircase to the Lair.
  7393 | D:8      | Reached skill level 10 in Fighting
  7604 | D:9      | Reached **** piety under Okawaru
  7874 | D:9      | Found a bloodstained altar of Trog.
  7884 | D:9      | Found Onutec's Distillery.
  8140 | D:9      | Noticed an orange crystal statue
  8771 | D:9      | Identified the ring "Ulua" {Fly rC+ rN+}
  8809 | D:10     | Entered Level 10 of the Dungeon
  8845 | D:10     | Found a portal to a secret trove of treasure.
  8895 | D:10     | Noticed a two-headed ogre
  8916 | D:10     | Killed a two-headed ogre
  8917 | D:10     | Reached skill level 13 in Axes
  9146 | D:10     | Found a basalt altar of Yredelemnul.
  9192 | D:10     | Found a flagged portal.
  9205 | Bailey   | Entered a bailey
  9462 | Bailey   | Reached ***** piety under Okawaru
  9748 | Bailey   | HP: 2/93 [orc warrior/+0 trident (3)]
 10244 | D:10     | Reached XP level 12. HP: 93/100 MP: 18/18
 10402 | D:10     | Found a shadowy altar of Dithmenos.
 10406 | D:10     | Found a glowing silver altar of Zin.
 10407 | D:10     | Found a hazy altar of Hepliaklqana.
 10555 | D:10     | Noticed a two-headed ogre
 10566 | D:10     | Killed a two-headed ogre
 10566 | D:10     | Received a gift from Okawaru
 11103 | D:11     | Reached skill level 14 in Axes
 11463 | D:11     | Found Uresiare's General Store.
 12303 | D:12     | Annihilated by a titanic slime creature

Illustrated notes

Levels and vault maps discovered:
D:1:      dpeg_arrival_water_fire, layout_basic
D:2:      layout_rooms, hellmonk_ecumenical_altar_arch_garden, minivault_14,
          uniq_robin
D:3:      layout_basic, mainiacjoe_overflow_brackets, kennysheep_nub,
          uniq_terence
D:4:      layout_basic, slow_altar_1
D:5:      layout_cave_pools
D:6:      layout_loops_cross, minmay_temple_entry_butterflies,
          gammafunk_ghost_arena
D:7:      minmay_opposing_rooms, layout_loops_ring, hangedman_decor_points,
          uniq_pikel
D:8:      layout_basic, tso_oasis_becter, dpeg_oklobed_lair, uniq_maggie
D:9:      statuecave_lemuel, layout_cave_pods, lemuel_doored_altar,
          nicolae_stop_n_shop_1, hangedman_decor_growths
D:10:     layout_loops_cross, lemuel_crystal_altar,
          gammafunk_temple_overflow_forgotten, enter_trove_1, enter_bailey_7
D:11:     layout_irregular_city, serial_shops, shop
D:12:     layout_loops_ring, orc_0_dummy, uniq_urug
Temple:   nicolae_temple_two_arcs

Skill      XL: |  1  2  3  4  5  6  7  8  9 10 11 12 |
---------------+-------------------------------------+-----
Axes           | 3 4 5 7 8 10 12 13 14 | 14.4
Fighting       | 4 5 6 7 8 9 11 | 11.7
Invocations    | 3 6 8 9 |  9.7
Armour         | |  3.2
Shields        | |  4.0

Action                     |  1- 3 |  4- 6 |  7- 9 | 10-12 || total
---------------------------+-------+-------+-------+-------++-------
  Melee: War axe           |    80 |   117 |   111 |       ||   308
         Battleaxe         |       |       |    48 |   488 ||   536
 Invoke: Heroism           |       |       |       |     8 ||     8
         Finesse           |       |       |       |     1 ||     1
Ability: Dig               |     1 |       |       |     3 ||     4
  Evoke: Wand              |       |       |     8 |     5 ||    13
    Use: Potion            |     1 |       |     3 |     4 ||     8
         Scroll            |       |     7 |       |     2 ||     9
   Stab: Paralysed         |       |       |    11 |     4 ||    15
         Invisible         |       |       |     1 |     4 ||     5
 Armour: Scale mail        |    46 |    69 |    49 |       ||   164
         Chain mail        |       |       |    57 |    71 ||   128
         Plate armour      |       |       |       |   135 ||   135
         Swamp dragon scal |       |       |       |   191 ||   191
  Dodge: Dodged            |    45 |    55 |    92 |   329 ||   521
  Block: Buckler           |    29 |    28 |    43 |   161 ||   261

Table legend: (Time is in decaauts)
 A = Elapsed time spent in this place.
 B = Non-inter-level travel time spent in this place.
 C = Inter-level travel time spent in this place.
 D = Time resting spent in this place.
 E = Time spent auto-exploring this place.
 F = Levels seen in this place.
 G = Mean time per level.
                   A        B        C        D        E       F      G
               +--------+--------+--------+--------+--------+-----+--------+
         Total |  12425 |  12022 |    403 |   1134 |   8644 |  14 |  887.5 |
       Dungeon |  11443 |  11047 |    396 |    723 |   8465 |  12 |  953.6 |
        Temple |     16 |      9 |      7 |      0 |      0 |   1 |   16.0 |
        Bailey |    965 |    965 |      0 |    411 |    179 |   1 |  965.0 |
               +--------+--------+--------+--------+--------+-----+--------+

Top non-repeatable levels by time:
     D:9: 1378 daAuts
    D:11: 1320 daAuts
     D:7: 1187 daAuts
     D:1: 1120 daAuts
     D:4: 1069 daAuts
    D:10: 994 daAuts
     D:6: 970 daAuts
     D:8: 966 daAuts
  Bailey: 965 daAuts
     D:5: 898 daAuts
     D:3: 763 daAuts
     D:2: 552 daAuts
    D:12: 221 daAuts
  Temple: 16 daAuts
